 Dungeon Crawl Stone Soup version 0.31.0-12-g77e489cdc1 (webtiles) character file.

Game seed: 17423328898460219497

2350 spaghetti the Covert (level 9, -1/79 HPs)
             Began as a Naga Chaos Knight on Feb 16, 2024.
             Was a Plaything of Xom.
             Killed by divine providence
             ... invoked by an orc priest
              (12 damage)
             ... on level 7 of the Dungeon.
             The game lasted 00:13:37 (6867 turns).

spaghetti the Covert (Naga Chaos Knight)            Turns: 6867, Time: 00:13:38

Health: -1/79      AC:  8    Str: 11    XL:     9   Next: 43%
Magic:  13/14      EV: 12    Int: 15    God:    Xom [*.....]
Gold:   299        SH:  0    Dex: 16    Spells: 3/15 levels left

rFire   . . .        l - staff of conjuration
rCold   + . .        (no shield)
rNeg    . . .        b - +2 leather armour
rPois   +            (no helmet)
rElec   +            x - +0 cloak
rCorr   .            (no gloves)
SInv    +            (no barding)
Will    +....        (no amulet)
Stlth   ++++         (no ring)
HPRegen 0.33/turn    (no ring)
MPRegen 0.14/turn

%: no passive effects
@: studying Dodging, invisible, very slow
A: AC +3, large, see invisible, deformed body, poison resistance, slowness 2,
spit poison 1, naga tail 1, agile 1, cold resistance 1, mutation resistance 1,
shaggy fur 1, electricity resistance, weak 1, inability to drink after injury 1
a: Spit Poison, Renounce Religion


You were on level 7 of the Dungeon.
You worshipped Xom.
You were a special plaything of Xom.
You visited 1 branch of the dungeon, and saw 8 of its levels.

You collected 299 gold pieces.

Inventory:

Hand Weapons
 a - a +0 short sword of chaos
 w - a +1 short sword of venom
Missiles
 p - 5 curare-tipped darts
Armour
 b - a +2 leather armour (worn)
 x - a +0 cloak (worn)
Magical Staves
 l - a staff of conjuration (weapon)
Jewellery
 o - an amulet of the acrobat
 r - a ring of willpower
Wands
 t - a wand of iceblast (13)
Scrolls
 d - a scroll of torment {unknown}
 h - 4 scrolls of teleportation
 i - 2 scrolls of identify
 k - 4 scrolls of vulnerability {unknown}
 q - 2 scrolls of noise
 v - a scroll of enchant armour
Potions
 e - 3 potions of curing
 f - 2 potions of brilliance
 g - a potion of might
 j - a potion of magic
 m - 2 potions of attraction


   Skills:
 - Level 4.4 Fighting
 - Level 3.0 Short Blades
 - Level 4.0 Throwing
 - Level 1.5 Armour
 + Level 7.1 Dodging
 - Level 8.1 Stealth
 + Level 3.9 Spellcasting
 + Level 4.3 Conjurations
 + Level 4.3 Alchemy


You had 3 spell levels left.
You knew the following spells:

 Your Spells              Type           Power      Damage    Failure   Level
a - Magic Dart            Conj           92%        1d7       4%          1
b - Searing Ray           Conj           46%        2d6       6%          2
c - Irradiate             Conj/Alch      11%        3d15      75%         5
d - Fulminant Prism       Conj/Alch      11%        3d9       38%         4

Your spell library contained the following spells:

 Spells                   Type           Power      Damage    Failure   Level
 Sting                    Conj/Alch      92%        1d8       4%          1
 Apportation              Tloc           4%         N/A       24%         1
 Necrotise                Necr           8%         1d4       24%         1
 Summon Small Mammal      Summ           8%         N/A       24%         1
 Inner Flame              Hex/Fire       2%         N/A       58%         3
 Ignition                 Fire           1%         3d3       100%        8


Dungeon Overview and Level Annotations

Branches:
Dungeon (8/15)             Temple (0/1) D:4
   Lair: D:8-11

Altars:
Xom

Shops:
D:1 *   D:2 :   D:5 :

Annotations:
D:6 Grinder, Pikel


Innate Abilities, Weirdness & Mutations

Your serpentine skin is tough. (AC +3)
You have supernaturally acute eyesight. (SInv)
Armour fits poorly on your strangely shaped body.
Your system is resistant to poisons. (rPois)
You cover ground very slowly.
You can spit poison.
You have a snake-like lower body.
You are agile. (Dex +4, Str/Int -1)
Your flesh is cold resistant. (rC+)
You are somewhat resistant to further mutation.
You are covered in fur. (AC +1)
You are resistant to electric shocks. (rElec)
You are weak. (Str -2)
You occasionally lose the ability to drink potions when taking damage.


Message History

The water moccasin barely misses you. The water moccasin bites you.
The orc closely misses you. The orc priest closely misses you.
Unknown command.
You feel very sick. The orc hits you but does no damage.
The orc priest calls down the wrath of Beogh upon you.
Pain shoots through your body!
There is a stone staircase leading up, spattered with blood here.
You feel sick. The water moccasin barely misses you.
The orc closely misses you.
The orc priest invokes the aid of Beogh against you.
Pain shoots through your body! The water moccasin bites you.
* * * LOW HITPOINT WARNING * * *
You climb upwards.
You feel sick.
There is a stone staircase leading down here.
Unknown command.
Unknown command.
Okay, then.
You feel sick.
The orc priest hits you with a +0 short sword.
* * * LOW HITPOINT WARNING * * *
The orc hits you with a +0 short sword.
* * * LOW HITPOINT WARNING * * *
The water moccasin bites you!
* * * LOW HITPOINT WARNING * * *
You are lethally poisoned!
The water moccasin poisons you!
Things that are here:
a +0 leather armour; a +0 flail You feel better.
The orc hits you but does no damage.
The orc priest miscasts a cantrip.
The water moccasin bites you but does no damage.
Unknown command.
The water moccasin bites you but does no damage.
It was a potion of invisibility.
You fade into invisibility!
The water moccasin bites you but does no damage.
The orc priest invokes the aid of Beogh against you.
Beogh smites you!
You die...

......#.#..# #)# #...... .###.
#.#..#### #)# #.###.# ..
#.#.....###.## #.# #.# ##
#.#.###.##_..###.###.. #.#
#.#......._........... #.#
##.#####.##.__######... #.#
##...## #.###.## #.#. #.#
#.....###.###.# #.#. #.#
#......@So..#.#######.#. ##.##
#.....###o#...........#.
#...###.....................#.
##
#...#...#....).....#######.#.
#.##.........####.##### #.##
#.##..#...### #.# ##.##
####.#..##.## #.# #####....
...........# #.# #.......#
#######.#### #.# #.###...#


You could see a water moccasin (unable to see you), an orc priest (unable to see
you) and an orc (unable to see you).

Vanquished Creatures
  Prince Ribbit (D:7)
  2 orc warriors (D:7)
  3 ice beasts
  2 centaurs (D:7)
  A phantom (D:5)
  A bullfrog (D:7)
  4 scorpions
  4 wights (D:7)
  2 bombardier beetles (D:4)
  4 jellies
  3 orc priests
  2 hounds (D:5)
  6 iguanas
  Jessica (D:3)
  A sleepcap (D:5)
  4 orc wizards (D:7)
  A gnoll (D:4)
  7 adders
  A shadow imp (D:5)
  2 white imps (D:5)
  4 dart slugs
  2 ribbon worms
  10 orcs
  3 ball pythons
  10 endoplasms
  2 giant cockroaches
  4 goblins
  2 hobgoblins
  3 jackals (D:4)
  A quokka (D:1)
  A bat (D:1)
  A frilled lizard (D:3)
  9 kobolds
  4 rats
108 creatures vanquished.

Vanquished Creatures (collateral kills)
  A wraith (D:4)
  An orc (D:4)
2 creatures vanquished.

Vanquished Creatures (others)
  2 fulminant prisms (D:7)
2 creatures vanquished.

Grand Total: 112 creatures vanquished

Notes
Turn   | Place    | Note
-------+----------+-------------------------------------------
     0 | D:1      | spaghetti the Naga Chaos Knight began the quest for the
                  | Orb.
     0 | D:1      | Reached XP level 1. HP: 21/21 MP: 1/1
    42 | D:1      | Reached skill level 1 in Stealth
    64 | D:1      | XOM: cloud trail
   108 | D:1      | XOM: silly message
   113 | D:1      | Reached skill level 2 in Stealth
   181 | D:1      | Reached XP level 2. HP: 28/28 MP: 2/2
   188 | D:1      | Found Heanugey's General Store.
   270 | D:1      | Reached skill level 3 in Stealth
   311 | D:1      | XOM: divination: detect items
   333 | D:1      | XOM: silly message
   610 | D:2      | XOM: god gift: 25 gold pieces
   638 | D:2      | Found a faded altar of an unknown god.
   639 | D:2      | Found Nohasink's Book Shop.
  1071 | D:2      | Reached XP level 3. HP: 25/34 MP: 3/3
  1115 | D:2      | Reached skill level 4 in Stealth
  1285 | D:2      | XOM: scenery: summon butterflies
  1408 | D:3      | Noticed Jessica
  1419 | D:3      | Killed Jessica
  1420 | D:3      | Reached skill level 1 in Throwing
  1420 | D:3      | Reached XP level 4. HP: 31/42 MP: 4/4
  1461 | D:3      | XOM: scenery: create altars
  1636 | D:3      | Reached skill level 5 in Stealth
  1669 | D:3      | XOM: 1-stop teleportation journey
  1718 | D:3      | XOM: smoke on damage
  2050 | D:4      | Noticed a scorpion
  2073 | D:4      | XOM: summons friendly ufetubus
  2080 | D:4      | Killed a scorpion
  2081 | D:4      | Reached skill level 6 in Stealth
  2081 | D:4      | Reached XP level 5. HP: 25/49 MP: 5/5
  2124 | D:4      | XOM: polymorph ufetubus -> white imp
  2282 | D:4      | Found a staircase to the Ecumenical Temple.
  2459 | D:4      | Reached XP level 6. HP: 49/56 MP: 6/6
  2773 | D:4      | XOM: silly message
  3162 | D:5      | Entered Level 5 of the Dungeon
  3162 | D:5      | Noticed a wraith
  3173 | D:5      | Reached skill level 7 in Stealth
  3179 | D:5      | XOM: confuse monster(s)
  3186 | D:5      | Noticed an ice beast
  3193 | D:4      | XOM: potion effect (haste)
  3199 | D:4      | XOM: summons friendly ufetubus
  3217 | D:4      | XOM: silly message
  3222 | D:4      | XOM: cast spell 'Summon Dragon'
  3225 | D:4      | Killed a wraith
  3226 | D:4      | Reached XP level 7. HP: 13/64 MP: 7/7
  3256 | D:5      | XOM: divination: detect items
  3525 | D:5      | Reached skill level 8 in Stealth
  3642 | D:5      | Reached skill level 1 in Dodging
  3744 | D:5      | XOM: cast spell 'Summon Cactus Giant'
  3774 | D:5      | XOM: give mutations
  3774 | D:5      | Gained mutation: You are resistant to electric shocks.
                  | (rElec) [Xom's mischief]
  3774 | D:5      | Gained mutation: Your body sometimes deteriorates upon
                  | taking damage. [Xom's mischief]
  3774 | D:5      | Gained mutation: You are agile. (Dex +4, Str/Int -1) [Xom's
                  | mischief]
  3774 | D:5      | Gained mutation: You have hidden genetic potential. [Xom's
                  | mischief]
  3858 | D:5      | XOM: destruction
  3876 | D:5      | XOM: enchant monster (good)
  3998 | D:5      | Learned a level 1 spell: Magic Dart
  4001 | D:5      | Learned a level 2 spell: Searing Ray
  4016 | D:5      | Reached XP level 8. HP: 73/73 MP: 0/8
  4139 | D:5      | XOM: 3-stop teleportation journey
  4150 | D:5      | XOM: cleaving
  4161 | D:5      | Found Xomasm's Self-Published Books.
  4166 | D:5      | Reached skill level 1 in Spellcasting
  4166 | D:5      | Reached skill level 1 in Conjurations
  4400 | D:5      | Reached skill level 5 in Dodging
  4496 | D:5      | Gained mutation: Your mind is acute. (Int +4, Str/Dex -1)
                  | [hidden potential]
  4832 | D:5      | Learned a level 5 spell: Irradiate
  4838 | D:5      | XOM: give mutation
  4838 | D:5      | Lost mutation: You have hidden genetic potential. [Xom's
                  | grace]
  4838 | D:5      | Gained mutation: You are somewhat resistant to further
                  | mutation. [Xom's grace]
  5040 | D:6      | Noticed Grinder
  5042 | D:6      | XOM: confusion
  5044 | D:6      | Noticed Pikel
  5053 | D:6      | Paralysed by Grinder for 2 turns
  5055 | D:6      | XOM: smoke on damage
  5064 | D:7      | Reached skill level 1 in Alchemy
  5326 | D:6      | XOM: noise
  5371 | D:7      | XOM: silly message
  5373 | D:7      | Lost mutation: Your body sometimes deteriorates upon taking
                  | damage. [potion of mutation]
  5373 | D:7      | Lost mutation: You are somewhat resistant to further
                  | mutation. [potion of mutation]
  5373 | D:7      | Lost mutation: Your mind is acute. (Int +4, Str/Dex -1)
                  | [potion of mutation]
  5373 | D:7      | Gained mutation: You are covered in fur. (AC +1) [potion of
                  | mutation]
  5373 | D:7      | Gained mutation: You are partially covered in iridescent
                  | scales. (AC +2) [potion of mutation]
  5373 | D:7      | Gained mutation: You are somewhat resistant to further
                  | mutation. [potion of mutation]
  5496 | D:7      | XOM: scenery: create altars
  5611 | D:7      | Noticed a cyclops
  5615 | D:7      | XOM: 3-stop teleportation journey
  5624 | D:7      | Noticed Prince Ribbit
  5632 | D:7      | Killed Prince Ribbit
  5633 | D:7      | Reached XP level 9. HP: 78/79 MP: 4/13
  5638 | D:7      | Learned a level 4 spell: Fulminant Prism
  5736 | D:7      | XOM: silly message
  5792 | D:7      | XOM: chaos upgrade
  5847 | D:7      | XOM: stat loss: -1 Str (12/13)
  5987 | D:7      | XOM: give mutations
  5987 | D:7      | Gained mutation: Your muscles are strong. (Str +4, Int/Dex
                  | -1) [Xom's mischief]
  5987 | D:7      | Lost mutation: You are partially covered in iridescent
                  | scales. (AC +2) [Xom's mischief]
  5987 | D:7      | Lost mutation: Your muscles are strong. (Str +4, Int/Dex
                  | -1) [Xom's mischief]
  5987 | D:7      | Gained mutation: You occasionally shout uncontrollably at
                  | your foes. [Xom's mischief]
  6085 | D:7      | XOM: fog
  6230 | D:7      | XOM: give mutations
  6230 | D:7      | Gained mutation: You are weak. (Str -2) [Xom's mischief]
  6230 | D:7      | Gained mutation: You are vulnerable to cold. (rC-) [Xom's
                  | mischief]
  6230 | D:7      | Lost mutation: You are vulnerable to cold. (rC-) [Xom's
                  | mischief]
  6230 | D:7      | Gained mutation: Your flesh is cold resistant. (rC+) [Xom's
                  | mischief]
  6398 | D:7      | XOM: god gift: 4 large rocks
  6630 | D:7      | XOM: give mutations
  6630 | D:7      | Gained mutation: Your natural rate of healing is unusually
                  | fast. [Xom's mischief]
  6630 | D:7      | Lost mutation: Your natural rate of healing is unusually
                  | fast. [Xom's mischief]
  6630 | D:7      | Lost mutation: You occasionally shout uncontrollably at
                  | your foes. [Xom's mischief]
  6630 | D:7      | Gained mutation: You occasionally lose the ability to drink
                  | potions when taking damage. [Xom's mischief]
  6859 | D:8      | XOM: noise
  6867 | D:7      | Killed from afar by an orc priest

Illustrated notes

Levels and vault maps discovered:
D:1:      dpeg_arrival_line_fractal, layout_rooms, serial_shops, shop,
          chequers_mini_garden, minmay_misc_feat_tower, minivault_23
D:2:      layout_loops_ring, dreamdust_ecumenical_altar_statues, serial_rivers,
          chequers_serial_rivers_room_a, chequers_serial_rivers_micro_c,
          chequers_serial_rivers_large_b, chequers_serial_rivers_marsh,
          serial_shops, shop
D:3:      layout_rooms, kennysheep_generic_room_6, uniq_jessica
D:4:      layout_cave_pods, minmay_temple_entry_fiery, minmay_surrounded
D:5:      kennysheep_six_static_rooms, layout_cave_pools, nicolae_custom_books,
          minmay_manual_moon
D:6:      layout_rooms, tgw_kikubaaqudgha, uniq_duvessa,
          uniq_crazy_yiuf_cottage, uniq_pikel, uniq_grinder
D:7:      layout_loops_ring, uniq_prince_ribbit1
D:8:      minmay_slanted_spiral_squares, layout_cave_pods, lair_entry_dummy,
          serial_shops, shop

Skill      XL: |  1  2  3  4  5  6  7  8  9 |
---------------+----------------------------+-----
Stealth        | 2 3 4 6 7 8 |  8.1
Throwing       | 1 2 3 4 |  4.0
Fighting       | 4 |  4.4
Dodging        | 4 6 7 |  7.1
Spellcasting   | 3 |  3.9
Conjurations   | 3 4 |  4.3
Alchemy        | 3 4 |  4.3
Short Blades   | |  3.0
Armour         | |  1.5

Action                     |  1- 3 |  4- 6 |  7- 9 || total
---------------------------+-------+-------+-------++-------
  Melee: Short sword       |    52 |   150 |    63 ||   265
         Punch             |     1 |     2 |     3 ||     6
         Staff             |       |       |    88 ||    88
   Cast: Magic Dart        |       |       |    47 ||    47
         Searing Ray       |       |       |    31 ||    31
         Fulminant Prism   |       |       |     2 ||     2
Ability: Spit Poison       |    22 |    20 |    26 ||    68
  Evoke: Wand              |       |       |     2 ||     2
    Use: Potion            |       |     4 |     8 ||    12
         Scroll            |       |     8 |     2 ||    10
   Stab: Paralysed         |       |     1 |     1 ||     2
         Distracted        |       |     2 |       ||     2
         Confused          |       |     1 |       ||     1
 Armour: Leather armour    |    28 |    59 |   186 ||   273
         Skin              |       |    34 |       ||    34
  Dodge: Dodged            |    24 |    63 |   157 ||   244
